Devils vs Flyers

Created - February 27, 2017 at 17:23

Goals
1 2 3 T
Devils 0 1 1 2
Flyers 4 2 0 6
Shots
1 2 3 T
Devils 9 6 15 30
Flyers 17 13 14 44

1st period

1. Flyers , Brooks Orpik 3 (Marcus Johansson, Dan Boyle) at 13:39
2. Flyers , Tom Gilbert 3 (Shawn Matthias, Ben Hutton) at 13:51
3. Flyers , Alexander Killorn 28 (Ben Hutton, Shawn Matthias) at 15:18 (PP)
4. Flyers , Calle Jarnkrok 22 (Marcus Johansson) at 16:39

Penalties :
Tommy Wingels (NJD) for High sticking (Minor) at 13:53

2nd period

5. Flyers , Casey Cizikas 17 (Ryan Ellis, Matt Hendricks) at 3:22
6. Flyers , Jean-Gabriel Pageau 30 (Ryan Ellis, Brian Gionta) at 4:20
7. Devils , Tyler Johnson 23 (Shayne Gostisbehere, Dennis Seidenberg) at 7:18

Penalties :
Matt Hendricks (PHI) for Hooking (Minor) at 11:59

3rd period

8. Devils , Brandon Sutter 23 (Dougie Hamilton, Shayne Gostisbehere) at 18:07 (PP)

Penalties :
Brooks Orpik (PHI) for Roughing (Minor) at 7:40, Tommy Wingels (NJD) for Hooking (Minor) at 14:01, Brooks Orpik (PHI) for Roughing (Minor) at 17:53

Goalie Stats

Corey Crawford (NJD), 30 saves from 33 shots - (0.909), L, 28-13-8, 50:58 minutes
Michal Neuvirth (NJD), 8 saves from 11 shots - (0.727), 9:02 minutes
Devan Dubnyk (PHI), 28 saves from 30 shots - (0.933), W, 24-17-2, 60:00 minutes

Players Stats for Devils

Player Name              G  A  P  +/- PIM S  H  SB GA TA FO     MP     PP MP  PK MP  
------------------------------------------------------------------------------------
Ales Hemsky              0  0  0  -2  0   3  0  0  0  0  1/1    14:15   0:00   0:00 
Brandon Sutter           1  0  1   0  0   4  0  0  0  0  14/24  16:46   2:01   0:00 
Colin Greening           0  0  0  -2  0   4  1  1  0  0  11/18  14:54   0:00   0:39 
Darren Helm              0  0  0  -2  0   0  0  1  0  0  7/16    9:46   0:00   0:00 
Dennis Seidenberg        0  1  1  -1  0   0  3  3  0  0  0/0    24:48   1:20   0:50 
Dougie Hamilton          0  1  1  -1  0   0  2  2  0  0  0/0    22:35   1:37   0:54 
Drew Stafford            0  0  0   0  0   2  0  1  0  0  0/2    17:44   2:01   0:58 
James Neal               0  0  0   0  0   1  2  0  0  0  0/1    16:56   2:11   0:00 
Johan Franzen            0  0  0  -2  0   2  0  0  0  0  0/1     8:55   0:00   0:00 
Michal Rozsival          0  0  0  -3  0   1  2  0  0  0  0/0    19:42   1:15   2:08 
Miikka Salomaki          0  0  0  -2  0   1  4  0  0  0  1/1     8:55   0:00   0:00 
Mikko Koivu              0  0  0   0  0   2  0  0  0  0  17/32  18:27   2:11   1:47 
Shayne Gostisbehere      0  2  2   0  0   2  0  2  0  0  0/0    21:12   2:24   0:26 
Steven Kampfer           0  0  0  -2  0   0  0  4  0  0  0/0     5:32   0:00   0:53 
Tommy Wingels            0  0  0  -2  4   2  1  1  0  0  1/2    14:13   0:00   0:00 
Trevor Daley             0  0  0  -1  0   0  0  2  0  0  0/0    25:20   1:48   1:37 
Tyler Johnson            1  0  1   0  0   4  1  0  0  0  1/2    18:17   2:11   1:37 
Valtteri Filppula        0  0  0   0  0   2  2  0  0  0  0/0    18:17   2:01   1:47 

Players Stats for Flyers

Player Name              G  A  P  +/- PIM S  H  SB GA TA FO     MP     PP MP  PK MP  
------------------------------------------------------------------------------------
Alexander Killorn        1  0  1   1  0   3  0  0  0  0  0/2    19:01   1:21   0:00 
Andrew MacDonald         0  0  0   2  0   1  1  2  0  0  0/0    19:18   1:41   0:43 
Ben Hutton               0  2  2   1  0   0  0  1  0  0  0/0    20:23   1:21   0:00 
Brian Gionta             0  1  1   1  0   2  0  0  0  0  1/1    19:14   0:00   1:34 
Brooks Orpik             1  0  1   1  4   2  4  2  0  0  0/0    18:22   0:22   1:34 
Calle Jarnkrok           1  0  1   2  0   5  1  0  0  0  18/29  18:24   0:22   1:34 
Casey Cizikas            1  0  1   0  0   3  1  1  0  0  9/25   15:16   1:21   2:38 
Chris VandeVelde         0  0  0   1  0   1  1  1  0  0  6/11    6:59   0:00   0:00 
Dan Boyle                0  1  1   1  0   1  0  0  0  0  0/0    18:53   1:21   1:04 
Jean-Gabriel Pageau      1  0  1   1  0   5  6  1  0  0  10/24  19:21   1:41   0:00 
Joel Ward                0  0  0   2  0   2  0  0  0  0  1/1    18:31   2:03   0:00 
Jonathan Ericsson        0  0  0   0  0   2  3  3  0  0  0/0    14:49   0:00   3:08 
Marcus Johansson         0  2  2   2  0   7  0  0  0  0  0/1    18:31   2:03   0:00 
Matt Hendricks           0  1  1   0  2   2  4  0  0  0  0/1    12:20   0:00   1:04 
Ryan Ellis               0  2  2   2  0   1  1  0  0  0  0/0    19:26   1:41   0:51 
Ryan White               0  0  0   1  0   1  4  0  0  0  0/2     8:33   0:00   1:34 
Shawn Matthias           0  2  2   1  0   4  0  0  0  0  2/3    19:37   1:21   0:00 
Tom Gilbert              1  0  1   1  0   2  0  0  0  0  0/0     8:47   0:22   1:04 

3 Stars

1 - Jean-Gabriel Pageau (PHI)
2 - Calle Jarnkrok (PHI)
3 - Ryan Ellis (PHI)

Power Play

Devils - 1 on 3 Attempt(s) - 33.33%
Flyers - 1 on 2 Attempt(s) - 50.00%

Penalty Kill

Devils - 1 on 2 Attempt(s) - 50.00% - Score 0 goal in Penalty Kill
Flyers - 2 on 3 Attempt(s) - 66.67% - Score 0 goal in Penalty Kill

Team Stat

Devils - Hits : 18 - Faceoff Wins : 53 - Blocked Shots : 17 - Penalty Minutes : 4
Flyers - Hits : 26 - Faceoff Wins : 47 - Blocked Shots : 11 - Penalty Minutes : 6

Official

Referees : Dan O'Rourke and Dave Jackson
Linesman : Kiel Murchison and Ryan Galloway

Game Notes

Michal Neuvirth enters game at 15:18 of 1st period
Steven Kampfer is injured at 18:01 of 1st period (Sore Right Knee)
Corey Crawford enters game at 4:20 of 2nd period

Finance

Level 1 -- Attendance: 6356 (97.78%) -- Ticket Income $635,600
Level 2 -- Attendance: 4157 (83.14%) -- Ticket Income $336,717
Level 3 -- Attendance: 3280 (93.71%) -- Ticket Income $150,880
Level 4 -- Attendance: 3230 (91.32%) -- Ticket Income $32,300
Luxury Box -- Attendance: 952 (95.20%) -- Ticket Income $202,776
Game was played at the Wells Fargo Center.
Total Attendance: 17975 (92.00%)
Total Ticket Income: $1,358,273
Other Income: $203,741
Total Income: $1,562,014

% Time on Ice - Devils

Lines # - Real PCT - Wanted PCT - Time Play
Normal Forward
1 - 28% - 28% - 14:29
2 - 28% - 28% - 14:45
3 - 27% - 26% - 14:15
4 - 17% - 18% - 8:55
Normal Defense
1 - 34% - 37% - 17:43
2 - 34% - 37% - 17:58
3 - 30% - 26% - 15:57
4 - 1% - 0% - 0:46
PP Forward
1 - 52% - 50% - 2:11
2 - 48% - 50% - 2:01
PP Defense
1 - 57% - 60% - 2:24
2 - 43% - 40% - 1:48
PK Forward
1 - 52% - 50% - 1:47
2 - 48% - 50% - 1:37
PK Defense
1 - 27% - 60% - 0:56
2 - 73% - 40% - 2:28
PK3 Forward
1 - 0% - 60%
2 - 0% - 40%
PK3 Defense
1 - 0% - 60%
2 - 0% - 40%
44 Forward
1 - 0% - 50%
2 - 0% - 50%
44 Defense
1 - 0% - 50%
2 - 0% - 50%
Last Minute Offensive  - 0:00
Last Minute Defensive  - 0:00
Total
Forward - 60:00
Defense - 60:00

% Time on Ice - Flyers

Lines # - Real PCT - Wanted PCT - Time Play
Normal Forward
1 - 34% - 33% - 17:40
2 - 31% - 32% - 16:28
3 - 22% - 23% - 11:17
4 - 13% - 12% - 6:59
Normal Defense
1 - 32% - 32% - 16:54
2 - 31% - 32% - 16:28
3 - 22% - 24% - 11:41
4 - 14% - 12% - 7:21
PP Forward
1 - 60% - 50% - 2:03
2 - 40% - 50% - 1:21
PP Defense
1 - 60% - 55% - 2:03
2 - 40% - 45% - 1:21
PK Forward
1 - 37% - 50% - 1:34
2 - 63% - 50% - 2:38
PK Defense
1 - 75% - 55% - 3:08
2 - 25% - 45% - 1:04
PK3 Forward
1 - 0% - 60%
2 - 0% - 40%
PK3 Defense
1 - 0% - 50%
2 - 0% - 50%
44 Forward
1 - 0% - 55%
2 - 0% - 45%
44 Defense
1 - 0% - 50%
2 - 0% - 50%
Last Minute Offensive  - 0:00
Last Minute Defensive  - 0:00
Total
Forward - 60:00
Defense - 60:00

Play by Play

1st period


0:01 of 1st period - Mikko Koivu wins face-off versus Jean-Gabriel Pageau in neutral zone.
0:07 of 1st period - Tyler Johnson is hit by Andrew MacDonald and loses puck.
0:40 of 1st period - Shot by Alexander Killorn.
0:40 of 1st period - Stopped by Corey Crawford without a rebound.
0:41 of 1st period - Brandon Sutter wins face-off versus Calle Jarnkrok in Devils zone.
0:54 of 1st period - Shot by Brandon Sutter.
0:54 of 1st period - Shot Misses the Net.
2:00 of 1st period - Shot by Tommy Wingels.
2:00 of 1st period - Stopped by Devan Dubnyk without a rebound.
2:01 of 1st period - Jean-Gabriel Pageau wins face-off versus Colin Greening in Flyers zone.
2:26 of 1st period - Shot by Ales Hemsky.
2:26 of 1st period - Shot Hit the Post.
2:28 of 1st period - Shot by Ales Hemsky.
2:28 of 1st period - Deflect By Colin Greening.
2:28 of 1st period - Shot Misses the Net.
2:30 of 1st period - Shot by Colin Greening.
2:30 of 1st period - Shot Misses the Net.
2:36 of 1st period - Shot by Ales Hemsky.
2:36 of 1st period - Stopped by Devan Dubnyk without a rebound.
2:37 of 1st period - Chris VandeVelde wins face-off versus Darren Helm in Flyers zone.
2:37 of 1st period - Chris VandeVelde is hit by Miikka Salomaki.
2:59 of 1st period - Shot by Ryan White.
2:59 of 1st period - Stopped by Corey Crawford without a rebound.
3:00 of 1st period - Mikko Koivu wins face-off versus Calle Jarnkrok in Devils zone.
3:13 of 1st period - Shot by Valtteri Filppula.
3:13 of 1st period - Stopped by Devan Dubnyk without a rebound.
3:14 of 1st period - Casey Cizikas wins face-off versus Darren Helm in Flyers zone.
3:18 of 1st period - Ben Hutton is hit by Miikka Salomaki and loses puck.
3:27 of 1st period - Shot by Shawn Matthias.
3:27 of 1st period - Stopped by Corey Crawford without a rebound.
3:28 of 1st period - Calle Jarnkrok wins face-off versus Colin Greening in Devils zone.
3:55 of 1st period - Ales Hemsky is hit by Brooks Orpik and loses puck.
4:10 of 1st period - Shot by Tommy Wingels.
4:10 of 1st period - Shot Hit the Post.
4:17 of 1st period - Icing by Brooks Orpik.
4:18 of 1st period - Calle Jarnkrok wins face-off versus Tyler Johnson in Flyers zone.
4:18 of 1st period - Calle Jarnkrok is hit by Valtteri Filppula.
4:34 of 1st period - Valtteri Filppula is hit by Matt Hendricks.
4:38 of 1st period - Shot by Tyler Johnson.
4:38 of 1st period - Stopped by Devan Dubnyk without a rebound.
4:39 of 1st period - Darren Helm wins face-off versus Jean-Gabriel Pageau in Flyers zone.
4:42 of 1st period - Shot by Johan Franzen.
4:42 of 1st period - Stopped by Devan Dubnyk without a rebound.
4:43 of 1st period - Brian Gionta wins face-off versus Darren Helm in Flyers zone.
4:48 of 1st period - Shot by Alexander Killorn.
4:48 of 1st period - Stopped by Corey Crawford without a rebound.
4:49 of 1st period - Brandon Sutter wins face-off versus Chris VandeVelde in Devils zone.
4:53 of 1st period - Brandon Sutter is hit by Ryan White and loses puck.
5:03 of 1st period - Chris VandeVelde is hit by Michal Rozsival and loses puck.
5:08 of 1st period - Shot by Shawn Matthias.
5:08 of 1st period - Shot Misses the Net.
5:10 of 1st period - Shot by Chris VandeVelde.
5:10 of 1st period - Shot Blocked by Steven Kampfer.
5:12 of 1st period - Shot by Chris VandeVelde.
5:12 of 1st period - Stopped by Corey Crawford with a rebound.
5:14 of 1st period - Shot by Tom Gilbert.
5:14 of 1st period - Stopped by Corey Crawford without a rebound.
5:15 of 1st period - Jean-Gabriel Pageau wins face-off versus Darren Helm in Devils zone.
5:51 of 1st period - Off-side.
5:52 of 1st period - Mikko Koivu wins face-off versus Casey Cizikas in neutral zone.
6:58 of 1st period - Marcus Johansson is hit by Valtteri Filppula and loses puck.
7:04 of 1st period - Icing by Joel Ward.
7:05 of 1st period - Calle Jarnkrok wins face-off versus Brandon Sutter in Flyers zone.
8:18 of 1st period - Icing by Steven Kampfer.
8:19 of 1st period - Ales Hemsky wins face-off versus Casey Cizikas in Devils zone.
8:19 of 1st period - Ales Hemsky is hit by Casey Cizikas.
8:38 of 1st period - Shot by Shawn Matthias.
8:38 of 1st period - Shot Blocked by Tommy Wingels.
8:51 of 1st period - Icing by Colin Greening.
8:52 of 1st period - Tommy Wingels wins face-off versus Alexander Killorn in Devils zone.
9:10 of 1st period - Icing by Steven Kampfer.
9:11 of 1st period - Colin Greening wins face-off versus Calle Jarnkrok in Devils zone.
10:38 of 1st period - Icing by Ryan Ellis.
10:39 of 1st period - Brandon Sutter wins face-off versus Alexander Killorn in Flyers zone.
10:39 of 1st period - James Neal is hit by Ryan Ellis and loses puck.
10:42 of 1st period - Shot by Drew Stafford.
10:42 of 1st period - Shot Misses the Net.
10:46 of 1st period - Shot by Brandon Sutter.
10:46 of 1st period - Stopped by Devan Dubnyk without a rebound.
10:47 of 1st period - Chris VandeVelde wins face-off versus Brandon Sutter in Flyers zone.
10:47 of 1st period - Chris VandeVelde is hit by James Neal.
11:10 of 1st period - Off-side.
11:11 of 1st period - Calle Jarnkrok wins face-off versus Mikko Koivu in neutral zone.
11:18 of 1st period - Shot by Calle Jarnkrok.
11:18 of 1st period - Shot Misses the Net.
11:20 of 1st period - Shot by Calle Jarnkrok.
11:20 of 1st period - Stopped by Corey Crawford without a rebound.
11:21 of 1st period - Colin Greening wins face-off versus Jean-Gabriel Pageau in Devils zone.
11:25 of 1st period - Off-side.
11:26 of 1st period - Mikko Koivu wins face-off versus Casey Cizikas in neutral zone.
13:13 of 1st period - Shot by Brian Gionta.
13:13 of 1st period - Shot Misses the Net.
13:37 of 1st period - Shot by Marcus Johansson.
13:37 of 1st period - Shot Blocked by Colin Greening.
13:39 of 1st period - Shot by Brooks Orpik.
13:39 of 1st period - Goal by Brooks Orpik - Devils : 0 - Flyers : 1.
13:40 of 1st period - Chris VandeVelde wins face-off versus Johan Franzen in neutral zone.
13:49 of 1st period - Shot by Shawn Matthias.
13:49 of 1st period - Shot Misses the Net.
13:51 of 1st period - Shot by Tom Gilbert.
13:51 of 1st period - Goal by Tom Gilbert - Devils : 0 - Flyers : 2.
13:52 of 1st period - Calle Jarnkrok wins face-off versus Colin Greening in neutral zone.
13:52 of 1st period - Joel Ward is hit by Tommy Wingels.
13:53 of 1st period - Minor Penalty to Tommy Wingels for High sticking.
13:54 of 1st period - Mikko Koivu wins face-off versus Jean-Gabriel Pageau in Devils zone.
13:54 of 1st period - Mikko Koivu is hit by Jean-Gabriel Pageau.
14:16 of 1st period - Shot by Marcus Johansson.
14:16 of 1st period - Shot Misses the Net.
14:18 of 1st period - Shot by Marcus Johansson.
14:18 of 1st period - Shot Blocked by Steven Kampfer.
14:32 of 1st period - Shot by Joel Ward.
14:32 of 1st period - Shot Misses the Net.
14:34 of 1st period - Shot by Ryan Ellis.
14:34 of 1st period - Stopped by Corey Crawford with a rebound.
14:36 of 1st period - Shot by Andrew MacDonald.
14:36 of 1st period - Shot Blocked by Steven Kampfer.
15:18 of 1st period - Shot by Alexander Killorn.
15:18 of 1st period - Goal by Alexander Killorn - Devils : 0 - Flyers : 3.
15:18 of 1st period - Michal Neuvirth enters game.
15:19 of 1st period - Colin Greening wins face-off versus Ryan White in neutral zone.
15:42 of 1st period - Shot by Colin Greening.
15:42 of 1st period - Stopped by Devan Dubnyk without a rebound.
15:43 of 1st period - Darren Helm wins face-off versus Calle Jarnkrok in Flyers zone.
15:56 of 1st period - Shot by Darren Helm.
15:56 of 1st period - Shot Misses the Net.
15:58 of 1st period - Shot by Dennis Seidenberg.
15:58 of 1st period - Shot Misses the Net.
16:00 of 1st period - Shot by Shayne Gostisbehere.
16:00 of 1st period - Stopped by Devan Dubnyk without a rebound.
16:01 of 1st period - Colin Greening wins face-off versus Jean-Gabriel Pageau in Flyers zone.
16:28 of 1st period - Shot by Colin Greening.
16:28 of 1st period - Shot Blocked by Jean-Gabriel Pageau.
16:30 of 1st period - Shot by Michal Rozsival.
16:30 of 1st period - Stopped by Devan Dubnyk without a rebound.
16:31 of 1st period - Calle Jarnkrok wins face-off versus Mikko Koivu in Flyers zone.
16:39 of 1st period - Shot by Calle Jarnkrok.
16:39 of 1st period - Goal by Calle Jarnkrok - Devils : 0 - Flyers : 4.
16:40 of 1st period - Casey Cizikas wins face-off versus Mikko Koivu in neutral zone.
16:46 of 1st period - Icing by Trevor Daley.
16:47 of 1st period - Mikko Koivu wins face-off versus Jean-Gabriel Pageau in Devils zone.
17:11 of 1st period - Shot by Jean-Gabriel Pageau.
17:11 of 1st period - Shot Misses the Net.
17:13 of 1st period - Shot by Jonathan Ericsson.
17:13 of 1st period - Shot Blocked by Trevor Daley.
17:15 of 1st period - Shot by Brian Gionta.
17:15 of 1st period - Stopped by Michal Neuvirth without a rebound.
17:16 of 1st period - Shawn Matthias wins face-off versus Brandon Sutter in Devils zone.
17:29 of 1st period - Shot by Casey Cizikas.
17:29 of 1st period - Shot Misses the Net.
17:31 of 1st period - Shot by Andrew MacDonald.
17:31 of 1st period - Stopped by Michal Neuvirth with a rebound.
17:33 of 1st period - Shot by Andrew MacDonald.
17:33 of 1st period - Shot Misses the Net.
17:35 of 1st period - Shot by Shawn Matthias.
17:35 of 1st period - Stopped by Michal Neuvirth without a rebound.
17:36 of 1st period - Calle Jarnkrok wins face-off versus Tommy Wingels in Devils zone.
17:57 of 1st period - Shot by Calle Jarnkrok.
17:57 of 1st period - Shot Misses the Net.
18:01 of 1st period - Shot by Calle Jarnkrok.
18:01 of 1st period - Shot Blocked by Steven Kampfer.
18:01 of 1st period - Steven Kampfer from Devils is injured at 18:01 of 1st period (Sore Right Knee).
18:02 of 1st period - Brandon Sutter wins face-off versus Jean-Gabriel Pageau in Devils zone.
18:02 of 1st period - Brandon Sutter is hit by Jean-Gabriel Pageau.
18:24 of 1st period - Shot by Jean-Gabriel Pageau.
18:24 of 1st period - Stopped by Michal Neuvirth without a rebound.
18:25 of 1st period - Casey Cizikas wins face-off versus Darren Helm in Devils zone.
18:28 of 1st period - Shot by Matt Hendricks.
18:28 of 1st period - Stopped by Michal Neuvirth without a rebound.
18:29 of 1st period - Darren Helm wins face-off versus Casey Cizikas in Devils zone.
18:29 of 1st period - Darren Helm is hit by Matt Hendricks.
19:08 of 1st period - Shot by Casey Cizikas.
19:08 of 1st period - Deflect By Shawn Matthias.
19:08 of 1st period - Shot Misses the Net.
19:27 of 1st period - Icing by Dan Boyle.
19:28 of 1st period - Mikko Koivu wins face-off versus Calle Jarnkrok in Flyers zone.
Goals for this period are 0 for Devils vs 4 for Flyers.
Shots for this period are 9 for Devils vs 17 for Flyers.

2nd period


0:01 of 2nd period - Colin Greening wins face-off versus Jean-Gabriel Pageau in neutral zone.
0:16 of 2nd period - Shot by Jean-Gabriel Pageau.
0:16 of 2nd period - Shot Blocked by Trevor Daley.
0:33 of 2nd period - Michal Rozsival is hit by Jean-Gabriel Pageau and loses puck.
0:51 of 2nd period - Off-side.
0:52 of 2nd period - Brandon Sutter wins face-off versus Chris VandeVelde in neutral zone.
0:55 of 2nd period - Shot by James Neal.
0:55 of 2nd period - Shot Blocked by Jonathan Ericsson.
1:22 of 2nd period - Off-side.
1:23 of 2nd period - Calle Jarnkrok wins face-off versus Mikko Koivu in neutral zone.
1:51 of 2nd period - Marcus Johansson is hit by Dougie Hamilton and loses puck.
2:00 of 2nd period - Shot by Joel Ward.
2:00 of 2nd period - Shot Misses the Net.
2:10 of 2nd period - Dan Boyle is hit by Tyler Johnson.
2:32 of 2nd period - Shot by Brandon Sutter.
2:32 of 2nd period - Shot Blocked by Jonathan Ericsson.
2:49 of 2nd period - Shot by Jean-Gabriel Pageau.
2:49 of 2nd period - Stopped by Michal Neuvirth with a rebound.
2:54 of 2nd period - Off-side.
2:55 of 2nd period - Colin Greening wins face-off versus Casey Cizikas in neutral zone.
3:22 of 2nd period - Shot by Casey Cizikas.
3:22 of 2nd period - Goal by Casey Cizikas - Devils : 0 - Flyers : 5.
3:23 of 2nd period - Calle Jarnkrok wins face-off versus Brandon Sutter in neutral zone.
3:28 of 2nd period - Shot by Joel Ward.
3:28 of 2nd period - Shot Misses the Net.
3:36 of 2nd period - Shot by Joel Ward.
3:36 of 2nd period - Stopped by Michal Neuvirth with a rebound.
3:38 of 2nd period - Shot by Joel Ward.
3:38 of 2nd period - Shot Misses the Net.
3:40 of 2nd period - Shot by Calle Jarnkrok.
3:40 of 2nd period - Shot Misses the Net.
3:42 of 2nd period - Shot by Marcus Johansson.
3:42 of 2nd period - Stopped by Michal Neuvirth without a rebound.
3:43 of 2nd period - Darren Helm wins face-off versus Jean-Gabriel Pageau in Devils zone.
4:16 of 2nd period - Shot by Brian Gionta.
4:16 of 2nd period - Shot Blocked by Darren Helm.
4:20 of 2nd period - Shot by Jean-Gabriel Pageau.
4:20 of 2nd period - Goal by Jean-Gabriel Pageau - Devils : 0 - Flyers : 6.
4:20 of 2nd period - Corey Crawford enters game.
4:21 of 2nd period - Shawn Matthias wins face-off versus Colin Greening in neutral zone.
4:35 of 2nd period - Tommy Wingels is hit by Chris VandeVelde and loses puck.
4:40 of 2nd period - Ales Hemsky is hit by Ryan White and loses puck.
4:54 of 2nd period - Colin Greening is hit by Jonathan Ericsson.
5:04 of 2nd period - Ales Hemsky is hit by Ryan White and loses puck.
5:12 of 2nd period - Icing by Dougie Hamilton.
5:13 of 2nd period - Colin Greening wins face-off versus Calle Jarnkrok in Devils zone.
5:13 of 2nd period - Colin Greening is hit by Calle Jarnkrok.
5:24 of 2nd period - Shot by Marcus Johansson.
5:24 of 2nd period - Stopped by Corey Crawford without a rebound.
5:25 of 2nd period - Jean-Gabriel Pageau wins face-off versus Mikko Koivu in Devils zone.
5:29 of 2nd period - Icing by Tyler Johnson.
5:30 of 2nd period - Calle Jarnkrok wins face-off versus Mikko Koivu in Devils zone.
5:30 of 2nd period - Marcus Johansson is hit by Dennis Seidenberg.
5:33 of 2nd period - Icing by Tyler Johnson.
5:34 of 2nd period - Mikko Koivu wins face-off versus Calle Jarnkrok in Devils zone.
6:03 of 2nd period - Shot by Tyler Johnson.
6:03 of 2nd period - Stopped by Devan Dubnyk without a rebound.
6:04 of 2nd period - Brandon Sutter wins face-off versus Casey Cizikas in Flyers zone.
7:12 of 2nd period - Shot by Mikko Koivu.
7:12 of 2nd period - Shot Misses the Net.
7:14 of 2nd period - Shot by Dennis Seidenberg.
7:14 of 2nd period - Shot Misses the Net.
7:18 of 2nd period - Shot by Tyler Johnson.
7:18 of 2nd period - Goal by Tyler Johnson - Devils : 1 - Flyers : 6.
7:19 of 2nd period - Jean-Gabriel Pageau wins face-off versus Darren Helm in neutral zone.
7:39 of 2nd period - Shot by Alexander Killorn.
7:39 of 2nd period - Deflect By Brian Gionta.
7:39 of 2nd period - Shot Misses the Net.
8:08 of 2nd period - Shot by Ales Hemsky.
8:08 of 2nd period - Stopped by Devan Dubnyk without a rebound.
8:09 of 2nd period - Joel Ward wins face-off versus James Neal in Flyers zone.
8:09 of 2nd period - Joel Ward is hit by James Neal.
8:42 of 2nd period - Shot by Brandon Sutter.
8:42 of 2nd period - Stopped by Devan Dubnyk without a rebound.
8:43 of 2nd period - Mikko Koivu wins face-off versus Chris VandeVelde in Flyers zone.
8:57 of 2nd period - Icing by Andrew MacDonald.
8:58 of 2nd period - Chris VandeVelde wins face-off versus Colin Greening in Flyers zone.
11:05 of 2nd period - Darren Helm is hit by Jean-Gabriel Pageau and loses puck.
11:26 of 2nd period - Icing by Brooks Orpik.
11:27 of 2nd period - Calle Jarnkrok wins face-off versus Darren Helm in Flyers zone.
11:42 of 2nd period - Shot by Calle Jarnkrok.
11:42 of 2nd period - Shot Misses the Net.
11:44 of 2nd period - Shot by Joel Ward.
11:44 of 2nd period - Shot Blocked by Shayne Gostisbehere.
11:50 of 2nd period - Shot by Dan Boyle.
11:50 of 2nd period - Stopped by Corey Crawford without a rebound.
11:51 of 2nd period - Brandon Sutter wins face-off versus Casey Cizikas in Devils zone.
11:59 of 2nd period - Minor Penalty to Matt Hendricks for Hooking.
12:00 of 2nd period - Casey Cizikas wins face-off versus Mikko Koivu in Flyers zone.
12:14 of 2nd period - Trevor Daley is hit by Brooks Orpik and loses puck.
12:49 of 2nd period - Shot by Shayne Gostisbehere.
12:49 of 2nd period - Shot Misses the Net.
12:51 of 2nd period - Shot by Dougie Hamilton.
12:51 of 2nd period - Shot Blocked by Brooks Orpik.
12:53 of 2nd period - Shot by Brandon Sutter.
12:53 of 2nd period - Shot Misses the Net.
13:17 of 2nd period - Shot by Brandon Sutter.
13:17 of 2nd period - Shot Hit the Post.
13:19 of 2nd period - Shot by Brandon Sutter.
13:19 of 2nd period - Shot Misses the Net.
13:21 of 2nd period - Shot by Valtteri Filppula.
13:21 of 2nd period - Shot Hit the Post.
13:53 of 2nd period - Shot by Mikko Koivu.
13:53 of 2nd period - Shot Misses the Net.
14:19 of 2nd period - Shot by Johan Franzen.
14:19 of 2nd period - Shot Blocked by Andrew MacDonald.
14:23 of 2nd period - Shot by Miikka Salomaki.
14:23 of 2nd period - Stopped by Devan Dubnyk without a rebound.
14:24 of 2nd period - Jean-Gabriel Pageau wins face-off versus Colin Greening in Flyers zone.
14:29 of 2nd period - Tommy Wingels is hit by Jean-Gabriel Pageau and loses puck.
14:50 of 2nd period - Shot by Colin Greening.
14:50 of 2nd period - Shot Blocked by Ben Hutton.
15:38 of 2nd period - Shot by Marcus Johansson.
15:38 of 2nd period - Stopped by Corey Crawford without a rebound.
15:39 of 2nd period - Casey Cizikas wins face-off versus Mikko Koivu in Devils zone.
15:43 of 2nd period - Icing by Valtteri Filppula.
15:44 of 2nd period - Chris VandeVelde wins face-off versus Mikko Koivu in Devils zone.
16:07 of 2nd period - Off-side.
16:08 of 2nd period - Jean-Gabriel Pageau wins face-off versus Brandon Sutter in neutral zone.
16:37 of 2nd period - Shot by Dougie Hamilton.
16:37 of 2nd period - Shot Misses the Net.
16:47 of 2nd period - Shot by James Neal.
16:47 of 2nd period - Stopped by Devan Dubnyk without a rebound.
16:48 of 2nd period - Mikko Koivu wins face-off versus Casey Cizikas in Flyers zone.
17:00 of 2nd period - Matt Hendricks is hit by Dennis Seidenberg and loses puck.
17:10 of 2nd period - Shot by Casey Cizikas.
17:10 of 2nd period - Deflect By Matt Hendricks.
17:10 of 2nd period - Stopped by Corey Crawford without a rebound.
17:11 of 2nd period - Calle Jarnkrok wins face-off versus Darren Helm in Devils zone.
17:14 of 2nd period - Shot by Calle Jarnkrok.
17:14 of 2nd period - Stopped by Corey Crawford with a rebound.
17:16 of 2nd period - Shot by Calle Jarnkrok.
17:16 of 2nd period - Deflect By Joel Ward.
17:16 of 2nd period - Stopped by Corey Crawford without a rebound.
17:17 of 2nd period - Calle Jarnkrok wins face-off versus Brandon Sutter in Devils zone.
17:23 of 2nd period - Icing by Michal Rozsival.
17:24 of 2nd period - Brandon Sutter wins face-off versus Shawn Matthias in Devils zone.
17:24 of 2nd period - Brandon Sutter is hit by Matt Hendricks.
17:45 of 2nd period - Brandon Sutter is hit by Matt Hendricks and loses puck.
17:52 of 2nd period - Shot by Casey Cizikas.
17:52 of 2nd period - Stopped by Corey Crawford without a rebound.
17:53 of 2nd period - Calle Jarnkrok wins face-off versus Mikko Koivu in Devils zone.
18:08 of 2nd period - Icing by Dennis Seidenberg.
18:09 of 2nd period - Mikko Koivu wins face-off versus Jean-Gabriel Pageau in Devils zone.
18:17 of 2nd period - Icing by Andrew MacDonald.
18:18 of 2nd period - Jean-Gabriel Pageau wins face-off versus Drew Stafford in Flyers zone.
18:52 of 2nd period - Icing by Ryan Ellis.
18:53 of 2nd period - Jean-Gabriel Pageau wins face-off versus Mikko Koivu in Flyers zone.
19:29 of 2nd period - Shot by Calle Jarnkrok.
19:29 of 2nd period - Stopped by Corey Crawford without a rebound.
19:30 of 2nd period - Darren Helm wins face-off versus Casey Cizikas in Devils zone.
19:52 of 2nd period - Dougie Hamilton is hit by Jonathan Ericsson and loses puck.
Goals for this period are 1 for Devils vs 2 for Flyers.
Shots for this period are 6 for Devils vs 13 for Flyers.

3rd period


0:01 of 3rd period - Colin Greening wins face-off versus Calle Jarnkrok in neutral zone.
0:20 of 3rd period - Shot by Colin Greening.
0:20 of 3rd period - Stopped by Devan Dubnyk without a rebound.
0:21 of 3rd period - Brandon Sutter wins face-off versus Casey Cizikas in Flyers zone.
0:26 of 3rd period - Shot by Drew Stafford.
0:26 of 3rd period - Stopped by Devan Dubnyk without a rebound.
0:27 of 3rd period - Calle Jarnkrok wins face-off versus Mikko Koivu in Flyers zone.
0:40 of 3rd period - Shot by Marcus Johansson.
0:40 of 3rd period - Stopped by Corey Crawford with a rebound.
0:42 of 3rd period - Shot by Marcus Johansson.
0:42 of 3rd period - Shot Misses the Net.
0:44 of 3rd period - Shot by Marcus Johansson.
0:44 of 3rd period - Stopped by Corey Crawford without a rebound.
0:45 of 3rd period - Casey Cizikas wins face-off versus Brandon Sutter in Devils zone.
0:45 of 3rd period - Casey Cizikas is hit by Dennis Seidenberg.
0:55 of 3rd period - Shot by Casey Cizikas.
0:55 of 3rd period - Shot Misses the Net.
0:57 of 3rd period - Shot by Jonathan Ericsson.
0:57 of 3rd period - Shot Misses the Net.
0:59 of 3rd period - Shot by Matt Hendricks.
0:59 of 3rd period - Shot Blocked by Dennis Seidenberg.
1:01 of 3rd period - Shot by Matt Hendricks.
1:01 of 3rd period - Shot Blocked by Drew Stafford.
1:03 of 3rd period - Shot by Shawn Matthias.
1:03 of 3rd period - Shot Misses the Net.
1:05 of 3rd period - Shot by Ben Hutton.
1:05 of 3rd period - Shot Blocked by Shayne Gostisbehere.
1:07 of 3rd period - Shot by Jonathan Ericsson.
1:07 of 3rd period - Stopped by Corey Crawford without a rebound.
1:08 of 3rd period - Calle Jarnkrok wins face-off versus Colin Greening in Devils zone.
1:39 of 3rd period - Shot by Tommy Wingels.
1:39 of 3rd period - Stopped by Devan Dubnyk without a rebound.
1:40 of 3rd period - Mikko Koivu wins face-off versus Matt Hendricks in Flyers zone.
2:09 of 3rd period - Shot by Mikko Koivu.
2:09 of 3rd period - Shot Misses the Net.
2:11 of 3rd period - Shot by Mikko Koivu.
2:11 of 3rd period - Shot Misses the Net.
2:13 of 3rd period - Shot by Mikko Koivu.
2:13 of 3rd period - Stopped by Devan Dubnyk without a rebound.
2:14 of 3rd period - Darren Helm wins face-off versus Marcus Johansson in Flyers zone.
2:23 of 3rd period - Brooks Orpik is hit by Miikka Salomaki and loses puck.
2:31 of 3rd period - Darren Helm is hit by Brooks Orpik.
2:33 of 3rd period - Shot by Johan Franzen.
2:33 of 3rd period - Stopped by Devan Dubnyk without a rebound.
2:34 of 3rd period - Brandon Sutter wins face-off versus Jean-Gabriel Pageau in Flyers zone.
2:41 of 3rd period - Shot by James Neal.
2:41 of 3rd period - Deflect By Brandon Sutter.
2:41 of 3rd period - Shot Misses the Net.
2:45 of 3rd period - Shot by Drew Stafford.
2:45 of 3rd period - Stopped by Devan Dubnyk without a rebound.
2:46 of 3rd period - Colin Greening wins face-off versus Calle Jarnkrok in Flyers zone.
3:05 of 3rd period - Shot by Ales Hemsky.
3:05 of 3rd period - Stopped by Devan Dubnyk without a rebound.
3:06 of 3rd period - Jean-Gabriel Pageau wins face-off versus Brandon Sutter in Flyers zone.
3:42 of 3rd period - Shot by Jean-Gabriel Pageau.
3:42 of 3rd period - Stopped by Corey Crawford without a rebound.
3:43 of 3rd period - Casey Cizikas wins face-off versus Darren Helm in Devils zone.
3:56 of 3rd period - Shot by Casey Cizikas.
3:56 of 3rd period - Stopped by Corey Crawford without a rebound.
3:57 of 3rd period - Calle Jarnkrok wins face-off versus Mikko Koivu in Devils zone.
3:57 of 3rd period - Calle Jarnkrok is hit by Michal Rozsival.
4:07 of 3rd period - Shot by Marcus Johansson.
4:07 of 3rd period - Shot Misses the Net.
5:15 of 3rd period - Shot by Casey Cizikas.
5:15 of 3rd period - Shot Blocked by Dennis Seidenberg.
5:21 of 3rd period - Shot by Casey Cizikas.
5:21 of 3rd period - Shot Blocked by Dennis Seidenberg.
5:23 of 3rd period - Shot by Matt Hendricks.
5:23 of 3rd period - Shot Misses the Net.
5:25 of 3rd period - Shot by Brooks Orpik.
5:25 of 3rd period - Stopped by Corey Crawford with a rebound.
5:27 of 3rd period - Shot by Shawn Matthias.
5:27 of 3rd period - Stopped by Corey Crawford with a rebound.
5:55 of 3rd period - Shot by Brian Gionta.
5:55 of 3rd period - Stopped by Corey Crawford with a rebound.
5:57 of 3rd period - Shot by Jonathan Ericsson.
5:57 of 3rd period - Shot Blocked by Dougie Hamilton.
5:59 of 3rd period - Shot by Jonathan Ericsson.
5:59 of 3rd period - Stopped by Corey Crawford without a rebound.
6:00 of 3rd period - Darren Helm wins face-off versus Ryan White in Devils zone.
6:56 of 3rd period - Shot by Jean-Gabriel Pageau.
6:56 of 3rd period - Deflect By Brian Gionta.
6:56 of 3rd period - Shot Blocked by Dougie Hamilton.
7:40 of 3rd period - Minor Penalty to Brooks Orpik for Roughing.
7:41 of 3rd period - Casey Cizikas wins face-off versus Mikko Koivu in Flyers zone.
7:49 of 3rd period - Icing by Dennis Seidenberg.
7:50 of 3rd period - Tyler Johnson wins face-off versus Casey Cizikas in Devils zone.
8:23 of 3rd period - Shot by James Neal.
8:23 of 3rd period - Deflect By Mikko Koivu.
8:23 of 3rd period - Shot Misses the Net.
8:37 of 3rd period - Shot by Brandon Sutter.
8:37 of 3rd period - Shot Misses the Net.
8:39 of 3rd period - Shot by Valtteri Filppula.
8:39 of 3rd period - Shot Blocked by Casey Cizikas.
8:41 of 3rd period - Shot by Michal Rozsival.
8:41 of 3rd period - Shot Blocked by Jonathan Ericsson.
8:43 of 3rd period - Shot by Brandon Sutter.
8:43 of 3rd period - Shot Misses the Net.
8:45 of 3rd period - Shot by Trevor Daley.
8:45 of 3rd period - Shot Misses the Net.
8:51 of 3rd period - Shot by Valtteri Filppula.
8:51 of 3rd period - Stopped by Devan Dubnyk without a rebound.
8:52 of 3rd period - Casey Cizikas wins face-off versus Drew Stafford in Flyers zone.
9:47 of 3rd period - Shot by Colin Greening.
9:47 of 3rd period - Stopped by Devan Dubnyk with a rebound.
9:55 of 3rd period - Shot by Colin Greening.
9:55 of 3rd period - Stopped by Devan Dubnyk without a rebound.
9:56 of 3rd period - Miikka Salomaki wins face-off versus Casey Cizikas in Flyers zone.
10:07 of 3rd period - Off-side.
10:08 of 3rd period - Colin Greening wins face-off versus Chris VandeVelde in neutral zone.
10:44 of 3rd period - Michal Rozsival is hit by Ryan White and loses puck.
11:01 of 3rd period - Shot by Valtteri Filppula.
11:01 of 3rd period - Shot Blocked by Chris VandeVelde.
11:17 of 3rd period - Shot by Mikko Koivu.
11:17 of 3rd period - Stopped by Devan Dubnyk without a rebound.
11:18 of 3rd period - Brandon Sutter wins face-off versus Calle Jarnkrok in Flyers zone.
11:51 of 3rd period - Shot by Drew Stafford.
11:51 of 3rd period - Shot Blocked by Brooks Orpik.
12:08 of 3rd period - Icing by Dennis Seidenberg.
12:09 of 3rd period - Brandon Sutter wins face-off versus Jean-Gabriel Pageau in Devils zone.
12:24 of 3rd period - James Neal is hit by Jean-Gabriel Pageau and loses puck.
14:01 of 3rd period - Minor Penalty to Tommy Wingels for Hooking.
14:02 of 3rd period - Mikko Koivu wins face-off versus Jean-Gabriel Pageau in Devils zone.
15:09 of 3rd period - Casey Cizikas is hit by Colin Greening and loses puck.
15:30 of 3rd period - Shot by Tyler Johnson.
15:30 of 3rd period - Stopped by Devan Dubnyk with a rebound.
15:40 of 3rd period - Shot by Marcus Johansson.
15:40 of 3rd period - Shot Misses the Net.
15:42 of 3rd period - Shot by Calle Jarnkrok.
15:42 of 3rd period - Stopped by Corey Crawford without a rebound.
15:43 of 3rd period - Jean-Gabriel Pageau wins face-off versus Mikko Koivu in Devils zone.
15:52 of 3rd period - Shot by Marcus Johansson.
15:52 of 3rd period - Stopped by Corey Crawford without a rebound.
15:53 of 3rd period - Mikko Koivu wins face-off versus Casey Cizikas in Devils zone.
16:08 of 3rd period - Shot by Brian Gionta.
16:08 of 3rd period - Shot Misses the Net.
16:24 of 3rd period - Brooks Orpik is hit by Miikka Salomaki.
16:28 of 3rd period - Shot by Jean-Gabriel Pageau.
16:28 of 3rd period - Stopped by Corey Crawford without a rebound.
16:29 of 3rd period - Chris VandeVelde wins face-off versus Brandon Sutter in Devils zone.
16:32 of 3rd period - Shot by Shawn Matthias.
16:32 of 3rd period - Stopped by Corey Crawford without a rebound.
16:33 of 3rd period - Calle Jarnkrok wins face-off versus Brandon Sutter in Devils zone.
16:45 of 3rd period - Icing by Andrew MacDonald.
16:46 of 3rd period - Mikko Koivu wins face-off versus Calle Jarnkrok in Flyers zone.
17:52 of 3rd period - Tommy Wingels is hit by Brooks Orpik and loses puck.
17:53 of 3rd period - Minor Penalty to Brooks Orpik for Roughing.
17:54 of 3rd period - Brandon Sutter wins face-off versus Casey Cizikas in Flyers zone.
17:57 of 3rd period - Shot by Brandon Sutter.
17:57 of 3rd period - Stopped by Devan Dubnyk without a rebound.
17:58 of 3rd period - Brandon Sutter wins face-off versus Casey Cizikas in Flyers zone.
18:00 of 3rd period - Valtteri Filppula is hit by Jonathan Ericsson and loses puck.
18:03 of 3rd period - Shot by Shayne Gostisbehere.
18:03 of 3rd period - Stopped by Devan Dubnyk with a rebound.
18:05 of 3rd period - Shot by Dougie Hamilton.
18:05 of 3rd period - Shot Blocked by Andrew MacDonald.
18:07 of 3rd period - Shot by Brandon Sutter.
18:07 of 3rd period - Goal by Brandon Sutter - Devils : 2 - Flyers : 6.
18:08 of 3rd period - Colin Greening wins face-off versus Jean-Gabriel Pageau in neutral zone.
18:46 of 3rd period - Brian Gionta is hit by Dougie Hamilton and loses puck.
19:19 of 3rd period - Shot by James Neal.
19:19 of 3rd period - Deflect By Drew Stafford.
19:19 of 3rd period - Shot Misses the Net.
19:37 of 3rd period - Shot by Marcus Johansson.
19:37 of 3rd period - Stopped by Corey Crawford without a rebound.
19:38 of 3rd period - Mikko Koivu wins face-off versus Casey Cizikas in Devils zone.
19:50 of 3rd period - Icing by Dennis Seidenberg.
19:51 of 3rd period - Mikko Koivu wins face-off versus Chris VandeVelde in Devils zone.
Goals for this period are 1 for Devils vs 0 for Flyers.
Shots for this period are 15 for Devils vs 14 for Flyers.